 Dungeon Crawl Stone Soup version 0.30-a0-364-gf6b3ef1049 (webtiles) character file.

Game seed: 9768516257562631898

8017 Hubris850 the Martial Artist (level 11, -32/68 HPs)
             Began as a Merfolk Ice Elementalist on Nov 15, 2022.
             Was an Elder of Sif Muna.
             Killed by the air
             ... invoked by Gastronok
              (39 damage)
             ... on level 9 of the Dungeon.
             The game lasted 00:35:12 (9290 turns).

Hubris850 the Martial Artist (MfIE)                 Turns: 9290, Time: 00:35:14

Health: -32/68     AC:  5    Str: 10    XL:     11   Next: 24%
Magic:  19/23      EV: 13    Int: 21    God:    Sif Muna [****..]
Gold:   509        SH:  0    Dex: 14    Spells: 10/26 levels left

rFire   . . .      SeeInvis .    K - +5 spear of Wiczonie {freeze, Contam Fragile rElec rPois}
rCold   + . .      Faith    .    (no shield)
rNeg    . . .      Spirit   .    q - +1 robe of Inference {Int+3}
rPois   +          Reflect  .    (no helmet)
rElec   +          Harm     .    (no cloak)
rCorr   .          Rampage  .    (no gloves)
Will    +....                    E - +1 pair of boots
Stlth   ++........               J - amulet of regeneration
HPRegen 1.11/turn                d - ring of willpower
MPRegen 0.18/turn                v - ring of protection from cold

@: invisible
A: (nimble swimmer 2), mertail
a: Renounce Religion, Channel Magic, Forget Spell, Divine Exegesis


You were on level 9 of the Dungeon.
You worshipped Sif Muna.
Sif Muna was greatly pleased with you.
You visited 1 branch of the dungeon, and saw 9 of its levels.

You collected 509 gold pieces.

Inventory:

Hand Weapons
 f - a +5 morningstar
 j - a +0 short sword
 u - a +3 vorpal hand axe
 D - a +2 whip of electrocution
 K - the +5 spear of Wiczonie (weapon) {freeze, Contam Fragile rElec rPois}
   (You found it on level 8 of the Dungeon)

   It freezes those it strikes, dealing additional cold damage.
   It can also slow down cold-blooded creatures.
   rElec:     It insulates you from electricity.
   rPois:     It protects you from poison.
   Contam:    It causes magical contamination when unequipped.
   Fragile:   It will be destroyed if unequipped.
 M - a +2 scimitar of flaming
Missiles
 g - 4 throwing nets
 k - 8 boomerangs (quivered)
 N - 6 poisoned darts
Armour
 a - a +0 robe
 n - a +1 kite shield of poison resistance
 q - the +1 robe of Inference (worn) {Int+3}
   (You found it on level 2 of the Dungeon)

   Int:       It affects your intelligence (+3).
 B - a +0 kite shield
 E - a +1 pair of boots (worn)
Jewellery
 d - a ring of willpower (left hand)
 e - a ring of flight
 s - an amulet of faith
 v - a ring of protection from cold (right hand)
 J - an amulet of regeneration (around neck)
 P - a ring of protection from cold
Wands
 w - a wand of charming (15)
 I - a wand of mindburst (18)
Scrolls
 c - 3 scrolls of poison
 l - 2 scrolls of fear
 m - 3 scrolls of enchant weapon
 p - 2 scrolls of amnesia
 r - a scroll of torment
 t - 5 scrolls of teleportation
 y - 2 scrolls of immolation
 A - a scroll of butterflies
Potions
 b - 3 potions of magic
 h - 5 potions of attraction
 i - 2 potions of resistance
 o - 4 potions of lignification
 C - 6 potions of flight
 F - a potion of cancellation {unknown}
 G - a potion of invisibility


   Skills:
 - Level 3.0 Dodging
 - Level 3.0 Stealth
 + Level 11.2 Unarmed Combat
 - Level 8.0 Spellcasting
 - Level 4.0 Summonings
 + Level 6.2 Transmutations
 - Level 10.3 Ice Magic


You had 10 spell levels left.
You knew the following spells:

 Your Spells              Type           Power      Damage    Failure   Level
a - Freeze                Ice            100%       1d10      1%          1
b - Frozen Ramparts       Ice            100%       1d16      1%          3
c - Ozocubu's Armour      Ice            51%        N/A       1%          3
d - Summon Ice Beast      Ice/Summ       38%        N/A       4%          4
e - Blade Hands           Tmut           17%        N/A       17%         5

Your spell library contained the following spells:

 Spells                   Type           Power      Damage    Failure   Level
 Wereblood                Tmut           34%        N/A       1%          2
 Sublimation of Blood     Necr           8%         N/A       12%         2
 Gell's Gravitas          Tloc           8%         N/A       24%         3
 Inner Flame              Hex/Fire       8%         N/A       24%         3
 Lesser Beckoning         Tloc           16%        N/A       24%         3
 Portal Projectile        Hex/Tloc       16%        N/A       24%         3
 Teleport Other           Tloc           8%         N/A       24%         3
 Tukima's Dance           Hex            8%         N/A       24%         3
 Cause Fear               Hex            4%         N/A       61%         4
 Leda's Liquefaction      Hex/Erth       4%         N/A       61%         4
 Lee's Rapid Deconstruct  Erth           4%         3d5*      91%         5
 Statue Form              Tmut/Erth      14%        N/A       98%         6
 Dispersal                Tloc           4%         N/A       100%        6
 Summon Hydra             Summ           12%        N/A       100%        7
 Discord                  Hex            4%         N/A       100%        8


Dungeon Overview and Level Annotations

Branches:
Dungeon (9/15)             Temple (0/1) D:5
   Lair: D:8-11         Orc: D:9-12

Altars:
Ashenzari
Fedhas
Gozag
Qazlal
Sif Muna
Xom
Zin

Annotations:
D:9 Gastronok


Innate Abilities, Weirdness & Mutations

((You are very nimble when in or above water. (Stealth+, EV+, Speed+++)))
Your lower body shifts to a powerful aquatic tail in water.


Message History

Gastronok the Ponderous comes into view.
He is wearing a +2 hat of willpower.
Gastronok gurgles horribly!
Gastronok bites you!!
Casting: Summon Ice Beast (dangerous; 4% risk of failure)
Confirm with . or Enter, or press ? or * to list all spells.
Casting: Frozen Ramparts (safe; 1% risk of failure)
Press: ? - help, Dir - look around, f - activate The walls around you are covered in ice.
Casting: Frozen Ramparts (safe; 1% risk of failure)
Confirm with . or Enter, or press ? or * to list all spells.
A film of ice covers your body!
The wall freezes Gastronok!
Gastronok bites you!!
* * * LOW HITPOINT WARNING * * *
You are confused.
You feel invigorated.
The wall freezes Gastronok!!
Gastronok barely misses you.
The wall freezes Gastronok!!
Gastronok bites you!!
* * * LOW HITPOINT WARNING * * *
The wall freezes Gastronok!
Gastronok's eyestalks stretch out, then return to normal size.
You feel less invigorated.
You feel less confused.
The wall freezes Gastronok.
Gastronok bites you but does no damage.
The wall freezes Gastronok!
Gastronok bites you!
* * * LOW HITPOINT WARNING * * *
The wall freezes Gastronok!
Gastronok bites you!
* * * LOW HITPOINT WARNING * * *
Your icy armour and frozen ramparts will break if you move.
Continue?
Your icy armour cracks and falls away as you move.
The frozen ramparts melt away as you move.
You fade into invisibility!
Gastronok's eyestalks quiver as he mumbles some strange words.
Gastronok puts on a burst of speed!
Casting: Ozocubu's Armour (safe; 1% risk of failure)
Confirm with . or Enter, or press ? or * to list all spells.
A chill wind blows around you.
Gastronok gurgles, "I'll eat you, I will!"
Gastronok waves his eye-stalks in wide circles.
Ouch! That really hurt!
You die...

#...# #..#
#.##... #...#
#^.# #.##...
#####...# #..#
#.##...
#.......# #..#
#.##...
#.......# #..#
#.##...
#.......#####..#
#...
#..............#
#...
#......Y.......#
....
#........@.....#
....
#.....w#########
# #......# #
#......# .._
#......#


PP.P #......# .⌠. #......# .. #......# . _ .# You could see Gastronok (swift,
ally target) and a friendly ice beast (summoned).

Vanquished Creatures
  Harold (D:9)
  Erica (D:8)
  Amaemon (D:9)
  Pikel (D:4)
  A deep elf zephyrmancer (D:7)
  An orange demon (D:9)
  An unseen horror (D:8)
  A kobold demonologist (D:8)
  Sigmund (D:5)
  Menkaure (D:6)
  Duvessa (D:4)
  3 water moccasins
  2 sky beasts
  2 orc warriors
  A black bear (D:4)
  2 ogres
  3 ice beasts
  2 centaurs
  A phantom (D:5)
  2 bullfrogs
  A necrophage (D:5)
  4 scorpions
  10 wights
  Dowan (D:4)
  5 howler monkeys
  2 hounds
  5 orc priests
  3 jellies
  An iguana (D:4)
  Ijyb (D:4)
  9 orc wizards
  Natasha (thrice) (D:4)
  4 gnolls (D:3)
  9 adders
  2 shadow imps (D:7)
  3 white imps
  2 ufetubi
  2 worms (D:2)
  32 orcs
  6 ball pythons
  4 bats
  3 endoplasms
  3 giant cockroaches
  6 goblins
  5 hobgoblins
  15 jackals
  6 kobolds
  2 quokkas
  2 training dummies (D:4)
  2 frilled lizards
  3 rats (D:3)
185 creatures vanquished.

Vanquished Creatures (collateral kills)
  A troll (D:9)
  A phantom (D:5)
  A centaur (D:9)
  5 wights
  3 orcs (D:4)
11 creatures vanquished.

Grand Total: 196 creatures vanquished

Notes
Turn   | Place    | Note
-------+----------+-------------------------------------------
     0 | D:1      | Hubris850 the Merfolk Ice Elementalist began the quest for
                  | the Orb.
     0 | D:1      | Reached XP level 1. HP: 13/13 MP: 3/3
   244 | D:1      | Reached XP level 2. HP: 8/19 MP: 0/5
   254 | D:1      | Reached skill level 1 in Unarmed Combat
   687 | D:2      | Reached XP level 3. HP: 24/24 MP: 4/6
   695 | D:2      | Reached skill level 2 in Unarmed Combat
   700 | D:2      | Learned a level 3 spell: Frozen Ramparts
  1348 | D:2      | Reached skill level 3 in Unarmed Combat
  1348 | D:2      | Reached XP level 4. HP: 16/30 MP: 1/7
  1512 | D:2      | Identified the +1 robe of Inference {Int+3}
  1568 | D:2      | Learned a level 3 spell: Ozocubu's Armour
  1972 | D:3      | Found a faded altar of an unknown god.
  1999 | D:3      | Found a shimmering blue altar of Sif Muna.
  2060 | D:3      | Became a worshipper of Sif Muna the Loreminder
  2241 | D:3      | Found a stormy altar of Qazlal.
  2346 | D:3      | Reached XP level 5. HP: 17/35 MP: 2/8
  2514 | D:3      | Reached * piety under Sif Muna
  2515 | D:3      | Reached skill level 4 in Unarmed Combat
  2834 | D:4      | Noticed Pikel
  2834 | D:4      | Noticed a lemure
  2834 | D:4      | Noticed a lemure
  2835 | D:4      | Noticed a lemure
  2841 | D:4      | Noticed Ijyb
  2847 | D:4      | Killed Pikel
  2848 | D:4      | Reached skill level 5 in Unarmed Combat
  2848 | D:4      | Reached XP level 6. HP: 6/41 MP: 0/12
  2848 | D:4      | Reached XP level 7. HP: 6/46 MP: 0/13
  2857 | D:3      | HP: 1/46 [orc/+0 flail (5)]
  3154 | D:4      | Killed Ijyb
  3230 | D:4      | Learned a level 4 spell: Summon Ice Beast
  3283 | D:4      | Noticed Natasha
  3289 | D:4      | Killed Natasha
  3392 | D:4      | Reached XP level 8. HP: 47/52 MP: 10/14
  3407 | D:4      | Noticed Natasha
  3411 | D:4      | Killed Natasha
  3412 | D:4      | Reached skill level 6 in Unarmed Combat
  3412 | D:4      | Reached skill level 1 in Summonings
  3548 | D:4      | Noticed Natasha
  3554 | D:4      | Killed Natasha
  3674 | D:4      | Noticed Duvessa
  3684 | D:4      | Killed Duvessa
  3685 | D:4      | Noticed Dowan
  3692 | D:4      | Killed Dowan
  3926 | D:5      | Entered Level 5 of the Dungeon
  4007 | D:5      | Reached skill level 5 in Spellcasting
  4198 | D:5      | Reached ** piety under Sif Muna
  4295 | D:5      | Found a glowing silver altar of Zin.
  4430 | D:5      | Noticed Sigmund
  4439 | D:5      | Killed Sigmund
  4440 | D:5      | Reached skill level 7 in Unarmed Combat
  4440 | D:5      | Reached XP level 9. HP: 50/57 MP: 9/17
  4876 | D:5      | Found a staircase to the Ecumenical Temple.
  5774 | D:6      | Noticed Menkaure
  5781 | D:6      | Killed Menkaure
  5782 | D:6      | Reached skill level 8 in Unarmed Combat
  6309 | D:6      | Reached *** piety under Sif Muna
  7017 | D:7      | Reached XP level 10. HP: 60/62 MP: 13/20
  7112 | D:7      | Noticed a deep elf zephyrmancer
  7120 | D:7      | Killed a deep elf zephyrmancer
  7121 | D:7      | Reached skill level 9 in Unarmed Combat
  8047 | D:7      | Found a broken altar of Ashenzari.
  8123 | D:8      | Identified the +5 spear of Wiczonie {freeze, Contam Fragile
                  | rElec rPois}
  8181 | D:8      | Noticed Erica
  8199 | D:8      | Killed Erica
  8200 | D:8      | Reached skill level 10 in Ice Magic
  8612 | D:8      | Noticed a kobold demonologist
  8626 | D:8      | Killed a kobold demonologist
  8627 | D:8      | Reached skill level 10 in Unarmed Combat
  8627 | D:8      | Reached skill level 1 in Transmutations
  8676 | D:8      | Killed an unseen horror
  8713 | D:8      | Found an opulent altar of Gozag.
  8971 | D:9      | Found a blossoming altar of Fedhas.
  8980 | D:9      | Found a shimmering altar of Xom.
  9045 | D:9      | Reached **** piety under Sif Muna
  9056 | D:9      | Reached XP level 11. HP: 60/68 MP: 19/23
  9071 | D:9      | Learned a level 5 spell: Blade Hands
  9082 | D:9      | Noticed Amaemon
  9101 | D:9      | Killed Amaemon
  9102 | D:9      | Reached skill level 5 in Transmutations
  9138 | D:9      | Noticed Harold
  9157 | D:9      | Killed Harold
  9158 | D:9      | Reached skill level 11 in Unarmed Combat
  9259 | D:9      | Noticed Gastronok
  9286 | D:9      | HP: 3/68 [Gastronok (13)]
  9290 | D:9      | Killed from afar by Gastronok

Illustrated notes

Levels and vault maps discovered:
D:1:      lightli_arrival_statuegarden, layout_basic
D:2:      minmay_wonky_spiral, layout_basic
D:3:      layout_loops_ring, mainiacjoe_overflow_alcove_4,
          nicolae_qazlal_scattered_showers, basic_ecumenical_altar
D:4:      dreamdust_elfheim, layout_cave_pools, uniq_ijyb, uniq_natasha,
          uniq_pikel
D:5:      layout_loops_cross, kennysheep_mini_moat, minmay_temple_entry_waves,
          uniq_sigmund
D:6:      layout_basic, minmay_misc_feat_nine_boxes, dk_vineyard_1,
          uniq_menkaure
D:7:      layout_rooms, lemuel_coloured_pillars_altar, guppyfry_early_elven_hall
D:8:      layout_rooms, marbit_many_paths, uniq_erica
D:9:      layout_long_grid, mainiacjoe_overflow_big_doors,
          kennysheep_slug_shrine, gammafunk_temple_overflow_forgotten,
          kennysheep_nub, nicolae_looking_at_the_future, uniq_gastronok,
          uniq_amaemon, uniq_harold

Skill      XL: |  1  2  3  4  5  6  7  8  9 10 11 |
---------------+----------------------------------+-----
Dodging        | 3 |  3.0
Unarmed Combat | 1 3 5 7 8 10 11 | 11.2
Stealth        | 3 |  3.0
Spellcasting   | 4 5 6 8 |  8.0
Ice Magic      | 6 7 9 10 | 10.3
Summonings     | 3 4 |  4.0
Transmutations | 4 6 |  6.2

Action                   |  1- 3 |  4- 6 |  7- 9 | 10-12 || total
-------------------------+-------+-------+-------+-------++-------
Melee: Unarmed           |    21 |       |   246 |   186 ||   453
       Short sword       |    20 |   127 |       |       ||   147
       Punch             |     2 |     1 |    12 |     8 ||    23
       Hand axe          |       |    14 |    23 |       ||    37
       Spear             |       |       |       |    15 ||    15
Throw: Boomerang         |       |       |     5 |       ||     5
 Cast: Freeze            |    30 |     7 |       |       ||    37
       Frozen Ramparts   |     1 |     4 |    30 |    12 ||    47
       Ozocubu's Armour  |       |     1 |    10 |     7 ||    18
       Summon Ice Beast  |       |       |     8 |    20 ||    28
  Use: Scroll            |       |     2 |    10 |    10 ||    22
       Potion            |       |     1 |     2 |     3 ||     6
 Stab: Sleeping          |     6 |     7 |       |     2 ||    15
       Distracted        |       |       |       |     3 ||     3
Armor: Robe              |     6 |    26 |    33 |    37 ||   102
Dodge: Dodged            |    43 |    85 |   124 |    97 ||   349

Table legend: (Time is in decaauts)
 A = Elapsed time spent in this place.
 B = Non-inter-level travel time spent in this place.
 C = Inter-level travel time spent in this place.
 D = Time resting spent in this place.
 E = Time spent auto-exploring this place.
 F = Levels seen in this place.
 G = Mean time per level.
                   A        B        C        D        E       F      G
               +--------+--------+--------+--------+--------+-----+--------+
         Total |   9232 |   8985 |    247 |   2264 |   4511 |   9 | 1025.8 |
       Dungeon |   9232 |   8985 |    247 |   2264 |   4511 |   9 | 1025.8 |
               +--------+--------+--------+--------+--------+-----+--------+

Top non-repeatable levels by time:
     D:6: 1728 daAuts
     D:3: 1248 daAuts
     D:5: 1197 daAuts
     D:2: 1155 daAuts
     D:4: 1044 daAuts
     D:7: 1036 daAuts
     D:8: 882 daAuts
     D:1: 625 daAuts
     D:9: 314 daAuts
